 Dungeon Crawl Stone Soup version 0.26-a0-1197-gd68fa41eda (webtiles) character file.

Game seed: 15553002360123844748

1184 Morbidden the Grave Robber (level 8, -6/58 HPs)
             Began as a Demonspawn Necromancer on Dec 28, 2020.
             Was an Initiate of Cheibriados.
             Mangled by an eight-headed hydra (12 damage)
             ... on level 6 of the Dungeon.
             The game lasted 00:10:51 (7588 turns).

Morbidden the Grave Robber (Demonspawn Necromancer) Turns: 7588, Time: 00:10:52

Health: -6/58      AC:  9    Str: 10    XL:     8   Next: 19%
Magic:  6/15       EV: 13    Int: 19    God:    Cheibriados [......]
Gold:   359        SH:  0    Dex: 15    Spells: 13/17 levels left

rFire    . . .     SeeInvis .   q - +2 short sword (venom)
rCold    . . .     Faith    .   (no shield)
rNeg     . . .     Spirit   .   g - +1 leather armour {rPois}
rPois    +         Reflect  .   (helmet restricted)
rElec    .         Harm     .   (no cloak)
rCorr    .         Rampage  .   k - +0 pair of gloves
Will     .....                  t - +1 pair of boots
Stlth    +++.......             (no amulet)
HPRegen  0.19/turn              a - ring of stealth
MPRegen  0.14/turn              (no ring)

@: very slow
A: horns 1, yellow scales 1, demonic guardian 1, spiny 2
a: Renounce Religion, Bend Time


You were on level 6 of the Dungeon.
You worshipped Cheibriados.
Cheibriados was noncommittal.
You visited 2 branches of the dungeon, and saw 7 of its levels.
You also visited: Sewer.

You collected 359 gold pieces.

Inventory:

Hand Weapons
 i - a +1 morningstar
 q - a +2 short sword of venom (weapon)
Missiles
 r - 11 poisoned darts
Armour
 g - a +1 leather armour of poison resistance (worn)
 k - a +0 pair of gloves (worn)
 t - a +1 pair of boots (worn)
Magical Staves
 s - an uncursed staff of cold
Jewellery
 a - a ring of stealth (left hand)
 z - an uncursed ring of see invisible {unknown}
Wands
 y - a wand of flame (15)
Scrolls
 e - 4 scrolls of immolation
 f - 4 scrolls of teleportation
 h - 3 scrolls of magic mapping
 j - a scroll of blinking {unknown}
 o - a scroll of remove curse
 v - 4 scrolls of identify
 C - a scroll of enchant armour {unknown}
 D - a scroll of amnesia {unknown}
 E - a scroll of fog
Potions
 b - a potion of degeneration {unknown}
 c - 4 potions of curing {unknown}
 d - 3 potions of brilliance {unknown}
 l - 4 potions of heal wounds {unknown}
 m - 4 potions of might {unknown}
 n - 3 potions of attraction {unknown}
 p - a potion of lignification {unknown}
 u - a potion of mutation {unknown}
 w - 2 potions of ambrosia {unknown}
 x - 2 potions of resistance {unknown}
 A - 3 potions of flight {unknown}
 B - a potion of magic {unknown}
 F - a potion of berserk rage {unknown}


   Skills:
 * Level 3.1 Fighting
 + Level 2.1 Short Blades
 + Level 0.5 Maces & Flails
 + Level 1.8 Armour
 * Level 3.5 Dodging
 + Level 3.1 Stealth
 * Level 5.0 Spellcasting
 * Level 7.0 Necromancy


You had 13 spell levels left.
You knew the following spells:

 Your Spells              Type           Power        Failure   Level
a - Pain                  Necr           100%         1%          1
b - Vampiric Draining     Necr           15%          2%          3

Your spell library contained the following spells:

 Spells                   Type           Power        Failure   Level
 Animate Skeleton         Necr           62%          1%          1
 Animate Dead             Necr           15%          9%          4
 Summon Small Mammal      Summ           16%          16%         1
 Call Imp                 Summ           4%           24%         2
 Agony                    Necr           31%          26%         5
 Call Canine Familiar     Summ           4%           43%         3
 Summon Guardian Golem    Hex/Summ       4%           43%         3
 Summon Ice Beast         Ice/Summ       4%           85%         4
 Summon Lightning Spire   Summ/Air       4%           85%         4


Dungeon Overview and Level Annotations

Branches:
Dungeon (6/15)             Temple (1/1) D:6           Sewer (visited)

Altars:
Ashenzari
Cheibriados
Dithmenos
Elyvilon
Fedhas
Gozag
Kikubaaqudgha
Makhleb
Nemelex Xobeh
Okawaru
Ru
Sif Muna
Trog
Uskayaw
Vehumet
Wu Jian
Xom
Yredelemnul
Zin
The Shining One


Innate Abilities, Weirdness & Mutations

You have a pair of small horns on your head.
You are partially covered in yellow scales. (AC +2)
A weak demonic guardian rushes to your aid.
You are mostly covered in sharp spines.


Message History

The eight-headed hydra bites you but does no damage.
Unknown command.
Unknown command.
Unknown command.
Unknown command.
Unknown command.
Unknown command.
Casting: Vampiric Draining (dangerous; 2% risk of failure)
Confirm with . or Enter, or press ? or * to list all spells.
Aiming: Vampiric Draining (dangerous; 2% risk of failure)
Press: ? - help, Shift-Dir - straight line, f/p - eight-headed hydra
Aim: an eight-headed hydra (heavily wounded)
The eight-headed hydra is heavily wounded.
You feel life coursing into your body.
Your white imp barely misses the eight-headed hydra.
The eight-headed hydra closely misses you.
The eight-headed hydra misses you.
The eight-headed hydra barely misses you.
The eight-headed hydra bites you!
You die...

#.............#
#..?..........#
#......)..#####
#......)).....+
###...##.###### #...##.#
+5..##.# .
.#########D..##.######....
..........@..+............
###.)...........#.#....
##+#####.###.....###...+ .
#.$...##.#≈≈≈≈≈≈≈≈≈#.#.#
#......#.#≈#.....#≈#.#.#
#####.........≈...)...≈..#
#
..............≈.......≈..#
...........#..≈...>†..≈....
.........(....≈.......≈....


You could see an eight-headed hydra and a friendly white imp (summoned).

Vanquished Creatures
  An ice beast (D:5)
  2 scorpions
  2 wights (D:6)
  A howler monkey (D:5)
  A bullfrog zombie (D:5)
  A hound (D:4)
  A jelly (D:5)
  3 orc priests
  3 orc wizards
  A bullfrog skeleton (D:5)
  An iguana (D:6)
  4 worker ants
  A hound zombie (D:6)
  3 gnolls (D:6)
  11 adders
  2 river rats
  2 ufetubi (D:5)
  5 oozes
  6 worms (Sewer)
  A dart slug (D:4)
  4 leopard geckos
  16 orcs
  9 bats
  7 giant cockroaches
  6 goblins
  10 hobgoblins
  5 jackals
  14 kobolds
  A quokka (D:4)
  3 ball pythons
  13 frilled lizards
  12 rats
152 creatures vanquished.

Vanquished Creatures (collateral kills)
  A phantom (D:5)
  A wight (D:6)
  A jelly (D:4)
  A shadow imp (D:4)
  5 orcs (D:4)
9 creatures vanquished.

Grand Total: 161 creatures vanquished

Notes
Turn   | Place    | Note
-------+----------+-------------------------------------------
     0 | D:1      | Morbidden the Demonspawn Necromancer began the quest for
                  | the Orb.
     0 | D:1      | Reached XP level 1. HP: 13/13 MP: 3/3
   590 | D:1      | Gained mutation: You have a pair of small horns on your
                  | head. [demonic ancestry]
   590 | D:1      | Reached XP level 2. HP: 15/19 MP: 0/5
  1365 | D:2      | Reached skill level 5 in Necromancy
  1365 | D:2      | Reached XP level 3. HP: 18/25 MP: 1/6
  1473 | D:2      | Learned a level 3 spell: Vampiric Draining
  2612 | D:2      | Reached XP level 4. HP: 29/31 MP: 4/7
  3046 | D:3      | Found a faded altar of an unknown god.
  3111 | D:3      | Found a glowing drain.
  3161 | Sewer    | Entered a sewer
  3412 | Sewer    | Reached skill level 1 in Fighting
  3520 | Sewer    | Gained mutation: You are partially covered in sharp spines.
                  | [demonic ancestry]
  3520 | Sewer    | Reached XP level 5. HP: 21/37 MP: 1/9
  4171 | D:3      | Reached skill level 6 in Necromancy
  5020 | D:4      | Gained mutation: A weak demonic guardian rushes to your
                  | aid. [demonic ancestry]
  5020 | D:4      | Reached XP level 6. HP: 41/43 MP: 11/11
  5146 | D:4      | Found a shadowy altar of Dithmenos.
  5156 | D:4      | HP: 2/44 [orc priest/divine providence (10)]
  5650 | D:4      | Found a bloodstained altar of Trog.
  5866 | D:5      | Entered Level 5 of the Dungeon
  5866 | D:5      | Found a radiant altar of Vehumet.
  5868 | D:5      | Noticed an ice beast
  5878 | D:5      | Killed an ice beast
  5879 | D:5      | Reached skill level 1 in Armour
  5879 | D:5      | Gained mutation: You are partially covered in yellow
                  | scales. (AC +2) [demonic ancestry]
  5879 | D:5      | Reached XP level 7. HP: 34/50 MP: 5/13
  6224 | D:5      | Reached skill level 1 in Short Blades
  7223 | D:6      | Found a staircase to the Ecumenical Temple.
  7232 | Temple   | Entered the Ecumenical Temple
  7432 | Temple   | Became a worshipper of Cheibriados the Contemplative
  7460 | D:6      | Gained mutation: You are mostly covered in sharp spines.
                  | [demonic ancestry]
  7460 | D:6      | Reached XP level 8. HP: 55/57 MP: 7/15
  7560 | D:6      | Noticed an eight-headed hydra
  7572 | D:6      | Reached skill level 7 in Necromancy
  7576 | D:6      | Reached skill level 5 in Spellcasting
  7587 | D:6      | HP: 2/58 [eight-headed hydra (12)]
  7588 | D:6      | Mangled by an eight-headed hydra

Illustrated notes

Levels and vault maps discovered:
D:1:      ebering_hopf_link, layout_loops_cross, chequers_mini_garden
D:2:      minmay_general_purpose_star, layout_loops_ring, wad_orctagon
D:3:      layout_loops_ring, chequers_ecumenical_altar_simple_redux,
          portal_sewer_entry_b, chequers_serial_rivers_micro_d,
          grunt_decor_arrowhead, kennysheep_generic_room_7
D:4:      layout_cave_pools, lemuel_doored_altar, grunt_dithmenos_shadows
D:5:      layout_loops_ring, vehumet_altar_wand_db,
          chequers_hall_statues_corner_a
D:6:      layout_basic, minmay_temple_entry_water_ring, serial_bayou_lagoon_a,
          uniq_menkaure
Temple:   regret_index_temple_mists

Skill      XL: |  1  2  3  4  5  6  7  8 |
---------------+-------------------------+-----
Dodging        | 2 3 |  3.5
Necromancy     | 5 6 7 |  7.0
Stealth        | 2 3 |  3.1
Spellcasting   | 3 4 5 |  5.0
Fighting       | 1 2 3 |  3.1
Armour         | 1 |  1.8
Short Blades   | 1 2 |  2.1
Maces & Flails | |  0.5

Action                   |  1- 3 |  4- 6 |  7- 9 || total
-------------------------+-------+-------+-------++-------
Melee: Unarmed           |     6 |       |       ||     6
       Morningstar       |    16 |    82 |       ||    98
       Headbutt          |     6 |    13 |    17 ||    36
       Short sword       |       |    46 |    69 ||   115
 Cast: Pain              |    70 |    52 |     3 ||   125
       Vampiric Draining |       |    21 |     9 ||    30
  Use: Scroll            |     1 |     6 |       ||     7
 Stab: Sleeping          |       |    14 |     1 ||    15
       Distracted        |       |     3 |     2 ||     5
Armor: Leather armour    |     9 |    46 |    24 ||    79
Dodge: Dodged            |    27 |    86 |    52 ||   165

Table legend: (Time is in decaauts)
 A = Elapsed time spent in this place.
 B = Non-inter-level travel time spent in this place.
 C = Inter-level travel time spent in this place.
 D = Time resting spent in this place.
 E = Time spent auto-exploring this place.
 F = Levels seen in this place.
 G = Mean time per level.
                   A        B        C        D        E       F      G
               +--------+--------+--------+--------+--------+-----+--------+
         Total |   7812 |   7663 |    149 |   1679 |   4691 |   8 |  976.5 |
       Dungeon |   6568 |   6448 |    120 |   1573 |   3866 |   6 | 1094.7 |
        Temple |    307 |    279 |     28 |      0 |    204 |   1 |  307.0 |
         Sewer |    936 |    936 |      0 |    106 |    620 |   1 |  936.0 |
               +--------+--------+--------+--------+--------+-----+--------+

Top non-repeatable levels by time:
     D:2: 1744 daAuts
     D:1: 1240 daAuts
     D:5: 1188 daAuts
     D:3: 1118 daAuts
     D:4: 948 daAuts
   Sewer: 936 daAuts
     D:6: 327 daAuts
  Temple: 307 daAuts
